AoeStats
← 666

Arabia

508543074Analyzed
1v1 RM · 8d ago on Sep 22, 2026· 52m 19s· 2 players
Game mode
Random Map
Map size
Tiny (2 player)
Population
200
Speed
Normal
Resources
Standard
Victory
Conquest
Starting age
Dark Age
Ending age
Imperial Age
RankedLock teamsTeams togetherTeam positionsShared explorationLock speedFull tech treeHidden civsTurbo modeCheats
Victory
Defeat
🇨🇴 Mongols · Colombia
828
+15
🇨🇱 Khmer · Chile
807
-15
666
0:39 Loom
8:56 Feudal Age
10:21 Double-Bit Axe
16:16 Castle Age
24:13 Fletching
29:01 Bodkin Arrow
31:14 Sanctity
36:17 Imperial Age
35:36 Sanctity
36:01 Padded Archer Armor
43:46 Bracer
43:50 Tusk Swords
44:16 Bow Saw
44:15 Gold Mining
nopotosih
10:00 Feudal Age
10:36 Loom
10:38 Town Watch
10:47 Double-Bit Axe
15:04 Town Watch
16:55 Wheelbarrow
16:20 Fletching
20:43 Castle Age
21:30 Town Patrol
20:58 Crossbowman
21:57 Bow Saw
22:36 Stone Mining
25:55 Squires
25:16 Pikeman
28:25 Horse Collar
28:46 Bodkin Arrow
34:12 Hand Cart
37:52 Imperial Age
36:47 Ballistics
36:23 Murder Holes
37:41 Forging
37:35 Scale Mail Armor
37:36 Padded Archer Armor
39:54 Heavy Plow
41:36 Iron Casting
41:18 Chain Mail Armor
44:44 Chemistry
45:48 Hoardings
45:49 Scale Barding Armor
47:38 Bracer
47:54 Masonry
48:15 Bloodlines
49:48 Blast Furnace
49:09 Chain Barding Armor
49:35 Light Cavalry
50:19 Husbandry
52:03 Hussar
Connection lost

Rejoining the realm…

Still unreachable

The connection could not be restored.

Session expired

The server has moved on; the page needs a fresh start.